 Dungeon Crawl Stone Soup version 0.29.0-13-gc9e81de378 (webtiles) character file.

Game seed: 13580078866322058968

288956 greasedhog the Marksgnoll (level 20, -5/142 (145) HPs)
             Began as a Gnoll Hunter on Sept 7, 2022.
             Was a High Priest of Hepliaklqana.
             Shot with an arrow by a deep elf master archer (9 damage)
             ... on level 3 of the Elven Halls on Sept 8, 2022.
             The game lasted 01:22:31 (32282 turns).

greasedhog the Marksgnoll (Gnoll Hunter)           Turns: 32282, Time: 01:22:31

HP:   -5/142 (145)  AC: 20    Str: 13    XL:     20   Next: 70%
MP:   0/38          EV: 25    Int: 14    God:    Hepliaklqana [*****.]
Gold: 4127          SH:  0    Dex: 26    Spells: 33/47 levels left

rFire   + . .      SeeInvis +   I - +3 great sword (drain)
rCold   + . .      Faith    .   (shield currently unavailable)
rNeg    + . .      Spirit   +   p - +0 acid dragon scales
rPois   +          Reflect  .   s - +2 hat of the Bear Spirit {Spirit, *Rage Will++}
rElec   .          Harm     .   f - +1 cloak "Haemum" {Dex+3 SInv}
rCorr   +          Rampage  .   W - +1 pair of gloves
Will    ++++.      Rage     20% Z - +2 pair of boots {Stlth+}
Stlth   +++++++...              z - amulet of regeneration
HPRegen 1.13/turn               u - ring "Miunk" {Contam rPois rN+ Will+ rCorr Int+6}
MPRegen 0.26/turn               E - ring of protection from fire

@: on berserk cooldown, lightly drained
A: reduced essence, fangs 1, strong nose, distributed training, horns 1, talons
2, cold resistance 1
}: 2/15 runes: decaying, gossamer
a: Renounce Religion, Recall Ancestor, Ancestor Identity, Transference, Idealise


You were on level 3 of the Elven Halls.
You worshipped Hepliaklqana.
Hepliaklqana was extremely pleased with you.
You visited 8 branches of the dungeon, and saw 35 of its levels.
You also visited: Ice Cave.

You collected 5599 gold pieces.
You spent 1472 gold pieces at shops.

Inventory:

Hand Weapons
 a - a +4 arbalest of flaming
 b - a +2 scimitar of holy wrath
 k - a +0 scimitar of flaming
 I - a +3 great sword of draining (weapon)
Missiles
 K - a throwing net
Armour
 f - the +1 cloak "Haemum" (worn) {Dex+3 SInv}
   (You found it on level 8 of the Dungeon)

   Dex:       It affects your dexterity (+3).
   SInv:      It lets you see invisible.
 p - +0 acid dragon scales (worn)
 s - the +2 hat of the Bear Spirit (worn) {Spirit, *Rage Will++}
   (You found it in an ice cave)

   Going berserk makes the wearer tougher, and they're slowed less afterward.
   *Rage:     It berserks you when you make melee attacks (+20% chance).
   Will:      It greatly increases your willpower.
 W - a +1 pair of gloves (worn)
 Z - a +2 pair of boots of stealth (worn)
Jewellery
 i - the ring of Cuteclum {Will+ Int+6 Dex+4}
   (You bought it in a shop on level 2 of the Orcish Mines)

   [ring of intelligence]

   Int:       It affects your intelligence (+6).
   Dex:       It affects your dexterity (+4).
   Will:      It increases your willpower.
 j - a +4 ring of evasion
 r - a ring of protection from cold
 u - the ring "Miunk" (left hand) {Contam rPois rN+ Will+ rCorr Int+6}
   (You acquired it on level 3 of the Swamp)

   [ring of intelligence]

   Int:       It affects your intelligence (+6).
   rPois:     It protects you from poison.
   rN:        It protects you from negative energy.
   Contam:    It causes magical contamination when unequipped.
   rCorr:     It protects you from acid and corrosion.
   Will:      It increases your willpower.
 z - an amulet of regeneration (around neck)
 C - a ring of flight
 E - a ring of protection from fire (right hand)
 Q - a ring of willpower
Wands
 c - a wand of digging (15)
 o - a wand of light (11)
 q - a wand of paralysis (15)
 w - a wand of roots (18)
 M - a wand of flame (60)
 T - a wand of polymorph (24)
 U - a wand of mindburst (20)
Scrolls
 d - 11 scrolls of teleportation
 l - 5 scrolls of magic mapping
 t - 4 scrolls of amnesia
 y - 2 scrolls of poison
 A - 3 scrolls of enchant weapon
 F - 2 scrolls of silence
 H - 8 scrolls of enchant armour
 L - 2 scrolls of blinking
 O - 2 scrolls of immolation
 P - 2 scrolls of fog
 X - 2 scrolls of fear
Potions
 e - 11 potions of brilliance
 h - 4 potions of resistance
 m - 4 potions of magic
 n - 11 potions of curing
 v - 8 potions of might
 B - 5 potions of haste
 D - a potion of invisibility
 G - 5 potions of cancellation
 J - a potion of flight
 N - 2 potions of berserk rage
 R - 3 potions of mutation
 S - 12 potions of ambrosia
 V - a potion of heal wounds
 Y - 2 potions of lignification
Miscellaneous
 g - a condenser vane
 x - a lightning rod (4/4)


   Skills:
 + Level 15.0 Fighting
 + Level 14.4 Short Blades
 + Level 14.4 Long Blades
 + Level 14.4 Axes
 + Level 14.4 Maces & Flails
 + Level 14.4 Polearms
 + Level 14.4 Staves
 + Level 16.4 Ranged Weapons
 + Level 14.4 Throwing
 + Level 14.4 Armour
 + Level 15.0 Dodging
 + Level 14.6 Stealth
 + Level 14.4 Shields
 + Level 14.4 Unarmed Combat
 + Level 14.4 Spellcasting
 + Level 12.2 Conjurations
 + Level 12.2 Hexes
 + Level 12.2 Summonings
 + Level 12.2 Necromancy
 + Level 12.2 Translocations
 + Level 12.2 Transmutations
 + Level 12.2 Fire Magic
 + Level 12.2 Ice Magic
 + Level 12.2 Air Magic
 + Level 12.2 Earth Magic
 + Level 12.2 Poison Magic
 + Level 15.6 Invocations
 + Level 14.4 Evocations


You had 33 spell levels left.
You knew the following spells:

 Your Spells              Type           Power      Damage    Failure   Level
a - Ignite Poison         Fire/Tmut/Pois 44%        N/A       1%          3
b - Cause Fear            Hex            22%        N/A       1%          4
c - Alistair's Intoxicat  Tmut/Pois      29%        N/A       1%          5
d - Wereblood             Tmut           44%        N/A       1%          2

Your spell library contained the following spells:

 Spells                   Type           Power      Damage    Failure   Level
 Beastly Appendage        Tmut           88%        N/A       1%          1
 Foxfire                  Conj/Fire      100%       2x1d9     1%          1
 Freeze                   Ice            100%       1d11      1%          1
 Magic Dart               Conj           100%       1d8       1%          1
 Summon Small Mammal      Summ           100%       N/A       1%          1
 Call Imp                 Summ           44%        N/A       1%          2
 Searing Ray              Conj           88%        2d7       1%          2
 Call Canine Familiar     Summ           44%        N/A       1%          3
 Conjure Flame            Conj/Fire      44%        6-21      1%          3
 Frozen Ramparts          Ice            88%        1d14      1%          3
 Inner Flame              Hex/Fire       44%        N/A       1%          3
 Mephitic Cloud           Conj/Pois/Air  44%        N/A       1%          3
 Spider Form              Tmut/Pois      44%        N/A       1%          3
 Stone Arrow              Conj/Erth      88%        3d12      1%          3
 Summon Guardian Golem    Hex/Summ       44%        N/A       1%          3
 Animate Armour           Summ/Erth      88%        N/A       1%          4
 Animate Dead             Necr           44%        N/A       1%          4
 Corpse Rot               Necr/Pois/Air  44%        N/A       1%          4
 Dispel Undead            Necr           44%        3d17      1%          4
 Flame Wave               Conj/Fire      44%        2d11      1%          4
 Fulminant Prism          Conj/Hex       22%        3d13      1%          4
 Hailstorm                Conj/Ice       44%        3d10      1%          4
 Ice Form                 Ice/Tmut       44%        N/A       1%          4
 Sticky Flame             Conj/Fire      44%        2d6       1%          4
 Summon Ice Beast         Ice/Summ       44%        N/A       1%          4
 Borgnjor's Vile Clutch   Necr/Erth      22%        N/A       1%          5
 Fireball                 Conj/Fire      22%        3d10      1%          5
 Freezing Cloud           Conj/Ice/Air   22%        6-21      1%          5
 Summon Mana Viper        Hex/Summ       44%        N/A       1%          5
 Death Channel            Necr           22%        N/A       9%          6
 Simulacrum               Ice/Necr       22%        N/A       9%          6
 Starburst                Conj/Fire      22%        6d7       9%          6
 Statue Form              Tmut/Erth      29%        N/A       9%          6
 Monstrous Menagerie      Summ           22%        N/A       43%         7
 Discord                  Hex            22%        N/A       98%         8
 Ignition                 Fire           22%        3d8       98%         8
 Lehudib's Crystal Spear  Conj/Erth      22%        10d6      98%         8


Dungeon Overview and Level Annotations

Branches:
Dungeon (15/15)            Temple (1/1) D:4            Lair (5/5) D:9
  Swamp (4/4) Lair:2       Spider (4/4) Lair:2        Slime (0/5) Lair:4
    Orc (2/2) D:10            Elf (3/3) Orc:2        Vaults (1/5) D:13
 Depths (0/4) D:15          IceCv (visited)

Altars:
Ashenzari
Cheibriados
Dithmenos
Elyvilon
Fedhas
Gozag
Hepliaklqana
Kikubaaqudgha
Makhleb
Nemelex Xobeh
Okawaru
Qazlal
Ru
Sif Muna
Trog
Uskayaw
Vehumet
Wu Jian
Xom
Yredelemnul
Zin
The Shining One

Shops:
Orc:1 !   Orc:2 *[(=

Portals:
Trove: D:10 (give +5 demon trident)

Annotations:
Orc:1 2 runed translucent doors, SensoryNuts's ghost, journeyman DsFi


Innate Abilities, Weirdness & Mutations

Your life essence is reduced to manifest your ancestor. (-10% HP)
You have very sharp teeth.
Your uncanny sense of smell can sniff out nearby items.
Your experience applies equally to all skills.
You have a pair of small horns on your head.
You have razor-sharp toenails.
Your flesh is cold resistant. (rC+)


Message History

The deep elf annihilator mumbles some strange words.
The deep elf annihilator blinks!
You are confused.
You feel invigorated.
Your extra speed is starting to run out.
The deep elf master archer shoots an arrow.
The arrow misses you.
You bump into the stone wall.
The deep elf death mage beckons forth a restless soul!
The deep elf master archer shoots an arrow.
The arrow hits you!!
* * * LOW HITPOINT WARNING * * *
You closely miss the deep elf master archer.
The deep elf master archer is almost dead.
The deep elf master archer shoots an arrow.
The arrow closely misses you.
The deep elf master archer shoots an arrow.
The arrow hits the ghostly deep elf elementalist!!
The ghostly deep elf elementalist is destroyed!
The deep elf master archer shoots an arrow.
The arrow completely misses the deep elf death mage.
The arrow closely misses the deep elf master archer.
The arrow hits you!
* * * LOW HITPOINT WARNING * * *
The deep elf master archer shoots an arrow.
The arrow hits you!!
* * * LOW HITPOINT WARNING * * *
Your magical effects are unravelling.
You feel magically purged.
You feel less invigorated.
You feel yourself slow down.
You flicker back into view.
You feel less confused.
You feel a little less mighty now.
The deep elf master archer shoots an arrow.
The arrow hits you!
* * * LOW HITPOINT WARNING * * *
Blink to where?
Press: ? - help, Dir - move target
As you read the scroll of blinking, it crumbles to dust.
The deep elf master archer shoots an arrow.
The arrow hits you!
You die...

#..#.......#...#...#...#...#
#..#.......#...#
#..#.......#...#
##..#.......#...#
....#.......#...#
....#.......#...#
....#########...#########
##.......................
.#.....[........@........
.#..#############.#######
.#..# #.# .#..# #.# .#..#
#.# .#..# #)# .#..# #ยง# .#
#e# .#


eeee You could see a deep elf master archer.

Vanquished Creatures
  Nikola (Elf:1)
  A tentacled monstrosity (Swamp:1)
  2 deep elf blademasters (Elf:3)
  The ghost of benadryl the Brawler, an adept TrBe of Trog (Swamp:3)
  2 thorn hunters (Swamp:4)
  Roxanne (D:14)
  2 fenstrider witches (Swamp:3)
  A deep elf sorcerer (Elf:3)
  Louise (Swamp:2)
  5 emperor scorpions
  An orc warlord (Orc:2)
  Aizul (Spider:1)
  6 ghouls
  2 deep elf elementalists (Elf:3)
  2 broodmothers
  The ghost of xfalz the Thaumaturge, a journeyman GnSk of Ashenzari (Swamp:3)
  2 very ugly things (IceCv)
  An ironbound preserver (Vaults:1)
  A deep elf annihilator (Elf:2)
  A deep elf demonologist (Elf:2)
  4 eleionomae
  2 bunyips
  4 deep elf death magi
  2 spark wasps
  3 entropy weavers
  An ettin (Orc:2)
  Snorg (D:12)
  4 shambling mangroves
  3 deep elf high priests (Elf:3)
  An ice dragon (Lair:5)
  5 boulder beetles
  3 ghost crabs
  2 centaur warriors
  2 caustic shrike simulacra (IceCv)
  15 hydras
  2 radroaches
  2 alligators
  17 dancing weapons
  An orc high priest (Orc:2)
  A death yak (Lair:3)
  10 deep elf knights
  11 pharaoh ants
  2 sun moths
  3 skeletal warriors (D:12)
  2 deep trolls (Vaults:1)
  5 bog bodies
  3 spriggan druids
  3 goliath frogs
  12 swamp dragons
  4 deep elf archers
  2 orange crystal statues (IceCv)
  A wizard (D:15)
  7 orb spiders
  11 steelbarb worms
  3 orc knights
  A necromancer (D:15)
  A phantasmal warrior (D:15)
  Pikel (D:4)
  19 deep elf zephyrmancers
  An oklob plant (Lair:4)
  18 deep elf pyromancers
  2 lindwurms
  4 manticores
  2 will-o-the-wisps
  4 cyclopes
  16 ugly things
  A frost giant zombie (D:15)
  17 wolf spiders
  3 orc sorcerers
  A faun (shapeshifter) (Elf:1)
  6 black mambas
  2 moths of wrath
  2 elephants (Lair:4)
  11 torpor snails
  12 cane toads
  6 demonic crawlers
  4 rime drakes
  4 unseen horrors
  5 komodo dragons
  A kobold demonologist (D:9)
  3 efreet
  4 freezing wraiths
  A guardian mummy (D:15)
  3 meliai (D:15)
  6 trolls
  8 polar bears
  2 large abominations (Elf:1)
  12 tyrant leeches
  A queen bee (Lair:2)
  16 hornets
  7 dream sheep
  13 slime creatures
  30 tarantellas
  A raiju (Lair:5)
  Grinder (D:5)
  21 blink frogs
  16 jumping spiders
  Sigmund (D:5)
  20 culicivoras
  4 wraiths
  6 spriggans
  2 air elementals
  19 yaks
  3 shadows
  5 wyverns
  5 humans
  5 basilisks
  38 redbacks
  Menkaure (D:5)
  8 wargs
  9 vampire mosquitoes
  15 swamp worms
  A harpy simulacrum (IceCv)
  7 water moccasins
  15 hell hounds (Lair:5)
  2 hydra simulacra (IceCv)
  2 ettin simulacra (IceCv)
  16 orc warriors
  12 black bears
  A swamp drake (Lair:2)
  A black bear (shapeshifter) (D:14)
  2 ice beasts
  2 sky beasts
  An alligator simulacrum (IceCv)
  6 ogres
  16 wolves
  3 centaurs
  An elf zombie (Elf:1)
  10 bullfrogs
  An earth elemental (Elf:1)
  4 necrophages
  A scorpion (D:5)
  11 wights
  A lindwurm simulacrum (IceCv)
  33 killer bees
  4 howler monkeys
  3 jellies
  5 hounds (D:6)
  A gnoll bouda (D:7)
  19 orc priests
  An iguana (D:4)
  20 orc wizards
  Robin (D:4)
  6 gnolls
  11 adders
  2 shadow imps
  4 worms
  3 dart slugs
  60 orcs
  7 bats
  3 endoplasms
  A giant cockroach (D:3)
  16 goblins
  9 hobgoblins
  6 jackals
  5 quokkas
  5 ball pythons
  5 frilled lizards
  8 kobolds
  3 rats
976 creatures vanquished.

Vanquished Creatures (collateral kills)
  Saint Roka (Elf:2)
  A tentacled monstrosity (Swamp:4)
  Kirke (Swamp:4)
  A fenstrider witch (Swamp:1)
  3 emperor scorpions
  A deep elf sorcerer (Elf:3)
  3 ghost moths
  A juggernaut zombie (D:15)
  3 deep elf elementalists (Elf:3)
  A broodmother (Spider:4)
  An ironbound preserver (Vaults:1)
  2 eleionomae
  A deep elf demonologist (Elf:3)
  2 bunyips
  3 deep elf annihilators (Elf:3)
  A deep elf death mage (Elf:1)
  A shambling mangrove (Swamp:4)
  8 hydras
  5 boulder beetles
  A spriggan air mage (Swamp:1)
  2 ghost crabs
  2 radroaches
  3 alligators
  3 two-headed ogres
  2 centaur warriors
  3 dancing weapons (Elf:2)
  4 deep elf knights
  An orc high priest (Elf:2)
  4 pharaoh ants
  A goliath frog (Swamp:3)
  2 deep elf archers
  An orb spider (Spider:4)
  A wizard (D:15)
  4 steelbarb worms
  2 orc knights (Orc:2)
  2 deep trolls (Vaults:1)
  6 swamp dragons
  A bog body (Swamp:4)
  7 deep elf pyromancers
  5 deep elf zephyrmancers
  An oklob plant (Lair:1)
  7 wolf spiders
  8 ugly things
  A frost giant zombie (D:15)
  A necromancer (Elf:1)
  A moth of wrath (Spider:1)
  An iron dragon skeleton (D:15)
  A cyclops (D:15)
  2 black mambas
  An elephant (Lair:4)
  2 torpor snails
  2 cane toads
  Maggie (D:8)
  2 unseen horrors (Elf:1)
  A freezing wraith (IceCv)
  2 demonic crawlers (Spider:3)
  2 komodo dragons
  3 golden dragon simulacra (IceCv)
  A guardian mummy (D:15)
  An anaconda simulacrum (IceCv)
  2 trolls
  3 meliai (Spider:4)
  5 tyrant leeches
  10 tarantellas
  3 blink frogs
  4 slime creatures
  11 hornets
  3 polar bears
  A dream sheep (Lair:5)
  10 culicivoras
  5 jumping spiders
  5 spriggans
  4 yaks
  A water elemental (Elf:3)
  3 wyverns
  A vampire (D:9)
  2 dire elephant simulacra (IceCv)
  3 fire elementals
  14 humans
  3 basilisks
  A hog (Swamp:4)
  4 vampire mosquitoes
  13 redbacks
  2 wargs (Elf:2)
  A harpy simulacrum (IceCv)
  3 water moccasins
  A hell hound (Lair:5)
  An acid dragon (D:9)
  9 swamp drakes
  An ice beast (D:6)
  A black bear (Lair:5)
  3 sky beasts (D:7)
  12 orc warriors
  An ettin simulacrum (IceCv)
  2 ogres
  A wolf (Lair:5)
  A centaur (D:9)
  3 elf zombies (Elf:1)
  2 bullfrogs
  A necrophage (Swamp:3)
  A scorpion (D:7)
  A gnoll sergeant (D:8)
  7 wights
  10 killer bees
  A howler monkey (D:8)
  An orc priest (Orc:1)
  An iguana (D:6)
  5 orc wizards
  2 gnolls (D:8)
  3 adders
  13 orcs
  A jackal (D:5)
340 creatures vanquished.

Vanquished Creatures (others)
  A deep elf elementalist (Elf:3)
  2 deep elf death magi (Elf:3)
  A spriggan druid (Swamp:4)
  A deep elf archer (Elf:2)
  2 humans (Swamp:4)
  A swamp drake (Swamp:4)
  25 knights
  14 foxfires
  28 fungi
  96 plants
  5 withered plants (D:15)
176 creatures vanquished.

Grand Total: 1492 creatures vanquished

Notes
Turn   | Place    | Note
-------+----------+-------------------------------------------
     0 | D:1      | greasedhog the Gnoll Hunter began the quest for the Orb.
     0 | D:1      | Reached XP level 1. HP: 20/20 MP: 1/1
    54 | D:1      | Reached XP level 2. HP: 26/26 MP: 2/2
   637 | D:1      | Reached XP level 3. HP: 30/30 MP: 3/3
   806 | D:1      | Reached skill level 1 in Invocations
  1133 | D:2      | Reached skill level 1 in Short Blades
  1133 | D:2      | Reached skill level 1 in Long Blades
  1133 | D:2      | Reached skill level 1 in Axes
  1133 | D:2      | Reached skill level 1 in Maces & Flails
  1133 | D:2      | Reached skill level 1 in Polearms
  1133 | D:2      | Reached skill level 1 in Staves
  1133 | D:2      | Reached skill level 1 in Throwing
  1133 | D:2      | Reached skill level 1 in Armour
  1133 | D:2      | Reached skill level 1 in Shields
  1133 | D:2      | Reached skill level 1 in Unarmed Combat
  1133 | D:2      | Reached skill level 1 in Spellcasting
  1133 | D:2      | Reached skill level 1 in Evocations
  1303 | D:2      | Reached XP level 4. HP: 38/38 MP: 5/5
  1437 | D:2      | Found a radiant altar of Vehumet.
  1650 | D:3      | Reached skill level 1 in Conjurations
  1650 | D:3      | Reached skill level 1 in Hexes
  1650 | D:3      | Reached skill level 1 in Summonings
  1650 | D:3      | Reached skill level 1 in Necromancy
  1650 | D:3      | Reached skill level 1 in Translocations
  1650 | D:3      | Reached skill level 1 in Transmutations
  1650 | D:3      | Reached skill level 1 in Fire Magic
  1650 | D:3      | Reached skill level 1 in Ice Magic
  1650 | D:3      | Reached skill level 1 in Air Magic
  1650 | D:3      | Reached skill level 1 in Earth Magic
  1650 | D:3      | Reached skill level 1 in Poison Magic
  1864 | D:3      | Found a hide-covered altar of Uskayaw.
  2403 | D:4      | Reached XP level 5. HP: 43/43 MP: 7/7
  2494 | D:4      | Noticed a lemure
  2494 | D:4      | Noticed a lemure
  2494 | D:4      | Noticed a lemure
  2494 | D:4      | Noticed Pikel
  2496 | D:4      | Noticed a lemure
  2524 | D:4      | Killed Pikel
  2525 | D:4      | Reached skill level 5 in Fighting
  2525 | D:4      | Reached skill level 5 in Dodging
  2525 | D:4      | Reached XP level 6. HP: 12/51 MP: 7/9
  2525 | D:4      | Reached XP level 7. HP: 13/56 MP: 7/10
  2774 | D:4      | Found a staircase to the Ecumenical Temple.
  2791 | D:4      | Noticed Robin
  2802 | Temple   | Entered the Ecumenical Temple
  3406 | Temple   | Became a worshipper of Hepliaklqana the Forgotten
  3480 | D:4      | Killed Robin
  3864 | D:4      | Reached skill level 9 in Ranged Weapons
  4034 | D:5      | Entered Level 5 of the Dungeon
  4034 | D:5      | Noticed Sigmund
  4036 | D:5      | Killed Sigmund
  4041 | D:5      | Reached XP level 8. HP: 63/63 MP: 10/12
  4332 | D:5      | Reached * piety under Hepliaklqana
  4379 | D:5      | Noticed Menkaure
  4382 | D:5      | Killed Menkaure
  4444 | D:5      | Noticed Grinder
  4446 | D:5      | Paralysed by Grinder for 2 turns
  4452 | D:5      | Killed Grinder
  4952 | D:6      | Noticed a yak
  4954 | D:6      | Noticed a yak
  4955 | D:6      | Noticed a yak
  4957 | D:6      | Killed a yak
  4958 | D:6      | Reached XP level 9. HP: 62/62 MP: 14/14
  5290 | D:6      | Reached skill level 5 in Stealth
  5406 | D:6      | Reached ** piety under Hepliaklqana
  5407 | D:6      | Remembered your ancestor Octavius as a knight
  5702 | D:7      | Reached skill level 5 in Invocations
  5902 | D:7      | Reached skill level 5 in Short Blades
  5902 | D:7      | Reached skill level 5 in Long Blades
  5902 | D:7      | Reached skill level 5 in Axes
  5902 | D:7      | Reached skill level 5 in Maces & Flails
  5902 | D:7      | Reached skill level 5 in Polearms
  5902 | D:7      | Reached skill level 5 in Staves
  5902 | D:7      | Reached skill level 5 in Throwing
  5902 | D:7      | Reached skill level 5 in Armour
  5902 | D:7      | Reached skill level 5 in Shields
  5902 | D:7      | Reached skill level 5 in Unarmed Combat
  5902 | D:7      | Reached skill level 5 in Spellcasting
  5902 | D:7      | Reached skill level 5 in Evocations
  5902 | D:7      | Reached XP level 10. HP: 58/69 MP: 17/17
  5911 | D:7      | Reached skill level 10 in Ranged Weapons
  6337 | D:8      | Paralysed by a hornet for 3 turns
  6531 | D:8      | Identified the +1 cloak "Haemum" {Dex+3 SInv}
  6559 | D:8      | Noticed Maggie
  6588 | D:8      | Killed Maggie
  6931 | D:9      | Noticed a kobold demonologist
  6942 | D:9      | Killed a kobold demonologist
  7006 | D:9      | Reached skill level 5 in Conjurations
  7006 | D:9      | Reached skill level 5 in Hexes
  7006 | D:9      | Reached skill level 5 in Summonings
  7006 | D:9      | Reached skill level 5 in Necromancy
  7006 | D:9      | Reached skill level 5 in Translocations
  7006 | D:9      | Reached skill level 5 in Transmutations
  7006 | D:9      | Reached skill level 5 in Fire Magic
  7006 | D:9      | Reached skill level 5 in Ice Magic
  7006 | D:9      | Reached skill level 5 in Air Magic
  7006 | D:9      | Reached skill level 5 in Earth Magic
  7006 | D:9      | Reached skill level 5 in Poison Magic
  7018 | D:9      | Reached XP level 11. HP: 74/76 MP: 20/20
  7101 | D:9      | Reached *** piety under Hepliaklqana
  7541 | D:9      | Found a staircase to the Lair.
  8051 | D:10     | Entered Level 10 of the Dungeon
  8052 | D:10     | Noticed a two-headed ogre
  8060 | D:10     | Killed a two-headed ogre
  8150 | D:10     | Found a staircase to the Orcish Mines.
  8342 | D:10     | Noticed a boulder beetle
  8370 | D:10     | Killed a boulder beetle
  8469 | D:10     | Found a portal to a secret trove of treasure.
  8653 | D:10     | Noticed a two-headed ogre
  8659 | D:10     | Killed a two-headed ogre
  8833 | Orc:1    | Entered Level 1 of the Orcish Mines
  8958 | D:10     | Reached skill level 11 in Ranged Weapons
  9061 | Orc:1    | Found an iron altar of Okawaru.
  9193 | Orc:1    | Found Kikloem's Distillery.
  9196 | Orc:1    | Found a large runed translucent door.
  9197 | Orc:1    | Found a large runed translucent door.
  9201 | Orc:1    | Bought 2 potions of heal wounds for 140 gold pieces
  9201 | Orc:1    | Bought a potion of degeneration for 14 gold pieces
  9244 | Orc:1    | Noticed SensoryNuts's ghost (journeyman DsFi)
  9300 | Orc:2    | Entered Level 2 of the Orcish Mines
  9507 | Orc:2    | Noticed an orc knight
  9524 | Orc:2    | Noticed an orc high priest
  9538 | Orc:2    | Killed an orc high priest
  9539 | Orc:2    | Reached XP level 12. HP: 31/84 MP: 22/22
  9901 | Orc:2    | Reached **** piety under Hepliaklqana
  9917 | Orc:2    | Noticed an orc warlord
  9927 | Orc:2    | Killed an orc warlord
 10043 | Orc:2    | Noticed an ettin
 10054 | Orc:2    | HP: 4/84 [ettin/+0 dire flail (19)]
 10055 | Orc:2    | Killed an ettin
 10609 | Orc:2    | Found Qaucrom's Antique Weapon Boutique.
 10620 | Orc:2    | Bought a runed arbalest for 232 gold pieces
 10631 | Orc:2    | Found Ycucso's Jewellery Boutique.
 10638 | Orc:2    | Bought the ring of Cuteclum {Will+ Int+6 Dex+4} for 741
                  | gold pieces
 10816 | Orc:2    | Found Quox's General Store.
 10822 | Orc:2    | Bought a potion of might for 56 gold pieces
 10822 | Orc:2    | Bought a potion of curing for 42 gold pieces
 10831 | Orc:2    | Found Huekokk's Antique Armour Boutique.
 10910 | Orc:2    | Found a staircase to the Elven Halls.
 11186 | Lair:1   | Entered Level 1 of the Lair of Beasts
 11386 | Lair:1   | Reached XP level 13. HP: 86/90 MP: 25/25
 11452 | Lair:1   | Identified the +7 whip of the Wasteland {pain, rF- Str+3}
 12720 | Lair:2   | Learned a level 3 spell: Ignite Poison
 12721 | Lair:2   | Found a hole to the Spider Nest.
 12909 | Lair:2   | Reached skill level 12 in Ranged Weapons
 13032 | Lair:2   | Found a staircase to the Swamp.
 13796 | Lair:3   | Reached ***** piety under Hepliaklqana
 13857 | Lair:3   | Reached skill level 10 in Fighting
 13857 | Lair:3   | Reached skill level 10 in Dodging
 14337 | Lair:4   | Reached skill level 10 in Invocations
 14337 | Lair:4   | Reached XP level 14. HP: 89/99 MP: 27/27
 14545 | Lair:4   | Found a staircase to the Slime Pits.
 15175 | Lair:5   | Entered Level 5 of the Lair of Beasts
 15546 | Lair:5   | Reached skill level 10 in Stealth
 16080 | Lair:5   | Found a runed translucent door.
 16125 | Lair:5   | Paralysed by a hornet for 1 turns
 16229 | Lair:5   | Reached skill level 10 in Short Blades
 16229 | Lair:5   | Reached skill level 10 in Long Blades
 16229 | Lair:5   | Reached skill level 10 in Axes
 16229 | Lair:5   | Reached skill level 10 in Maces & Flails
 16229 | Lair:5   | Reached skill level 10 in Polearms
 16229 | Lair:5   | Reached skill level 10 in Staves
 16229 | Lair:5   | Reached skill level 10 in Throwing
 16229 | Lair:5   | Reached skill level 10 in Armour
 16229 | Lair:5   | Reached skill level 10 in Shields
 16229 | Lair:5   | Reached skill level 10 in Unarmed Combat
 16229 | Lair:5   | Reached skill level 10 in Spellcasting
 16229 | Lair:5   | Reached skill level 10 in Evocations
 16308 | Lair:5   | Reached skill level 13 in Ranged Weapons
 16709 | Orc:2    | Bought a pair of glowing gloves for 247 gold pieces
 16907 | D:11     | Reached XP level 15. HP: 106/106 MP: 29/29
 17595 | D:12     | Reached ****** piety under Hepliaklqana
 17625 | D:12     | Noticed Snorg
 17628 | D:12     | Killed Snorg
 18003 | D:13     | Found a gate to the Vaults.
 18293 | D:13     | Identified a scroll of acquirement
 18295 | D:13     | Acquired 540 gold pieces
 18880 | D:14     | Identified Roxanne's Grimoire of Shaping
 18880 | D:14     | Noticed Roxanne
 18899 | D:14     | Killed Roxanne
 19069 | D:14     | Found a white marble altar of Elyvilon.
 19302 | D:15     | Entered Level 15 of the Dungeon
 19562 | D:15     | Found a frozen archway.
 19582 | D:15     | Learned a level 4 spell: Cause Fear
 19588 | D:15     | Learned a level 5 spell: Alistair's Intoxication
 19593 | IceCv    | Entered an ice cave
 19600 | IceCv    | Reached XP level 16. HP: 114/114 MP: 30/30
 19819 | IceCv    | Found the +2 hat of the Bear Spirit {Spirit, *Rage Will++}
 20217 | D:15     | Found a staircase to the Depths.
 20800 | Swamp:1  | Entered Level 1 of the Swamp
 20802 | Swamp:1  | Noticed a fenstrider witch
 20838 | Swamp:1  | Killed a fenstrider witch
 20888 | Swamp:1  | Reached skill level 14 in Ranged Weapons
 20973 | Swamp:1  | Gained mutation: Armour fits poorly on your strangely
                  | shaped body. [potion of mutation]
 20974 | Swamp:1  | Lost mutation: Armour fits poorly on your strangely shaped
                  | body. [potion of mutation]
 20974 | Swamp:1  | Gained mutation: Your body sometimes deteriorates upon
                  | taking damage. [potion of mutation]
 20974 | Swamp:1  | Gained mutation: You are clumsy. (Dex -2) [potion of
                  | mutation]
 20975 | Swamp:1  | Lost mutation: You are clumsy. (Dex -2) [potion of
                  | mutation]
 20975 | Swamp:1  | Lost mutation: Your body sometimes deteriorates upon taking
                  | damage. [potion of mutation]
 20975 | Swamp:1  | Gained mutation: You have sharp toenails. [potion of
                  | mutation]
 20975 | Swamp:1  | Gained mutation: Your flesh is cold resistant. (rC+)
                  | [potion of mutation]
 20975 | Swamp:1  | Gained mutation: You have a pair of small horns on your
                  | head. [potion of mutation]
 20975 | Swamp:1  | Gained mutation: You have razor-sharp toenails. [potion of
                  | mutation]
 21038 | Swamp:1  | Noticed a tentacled monstrosity
 21048 | Swamp:1  | Killed a tentacled monstrosity
 22138 | Swamp:2  | Noticed Louise
 22357 | Swamp:2  | Killed Louise
 22431 | Swamp:2  | Reached XP level 17. HP: 118/121 MP: 29/32
 22940 | Swamp:3  | Reached skill level 10 in Conjurations
 22940 | Swamp:3  | Reached skill level 10 in Hexes
 22940 | Swamp:3  | Reached skill level 10 in Summonings
 22940 | Swamp:3  | Reached skill level 10 in Necromancy
 22940 | Swamp:3  | Reached skill level 10 in Translocations
 22940 | Swamp:3  | Reached skill level 10 in Transmutations
 22940 | Swamp:3  | Reached skill level 10 in Fire Magic
 22940 | Swamp:3  | Reached skill level 10 in Ice Magic
 22940 | Swamp:3  | Reached skill level 10 in Air Magic
 22940 | Swamp:3  | Reached skill level 10 in Earth Magic
 22940 | Swamp:3  | Reached skill level 10 in Poison Magic
 23080 | Swamp:3  | Acquired the ring "Miunk" {Contam rPois rN+ Will+ rCorr
                  | Int+6}
 23084 | Swamp:3  | Found a runed translucent gate.
 23085 | Swamp:3  | Found a runed translucent gate.
 23087 | Swamp:3  | Found a runed translucent gate.
 23088 | Swamp:3  | Noticed xfalz's ghost (journeyman GnSk)
 23089 | Swamp:3  | Noticed benadryl's ghost (adept TrBe)
 23163 | Swamp:3  | Killed benadryl's ghost
 23172 | Swamp:3  | Killed xfalz's ghost
 23660 | Swamp:4  | Entered Level 4 of the Swamp
 23735 | Swamp:4  | Noticed Kirke
 23739 | Swamp:4  | Killed Kirke
 23852 | Swamp:4  | Noticed a tentacled monstrosity
 23858 | Swamp:4  | Killed a tentacled monstrosity
 24335 | Swamp:4  | Reached XP level 18. HP: 114/128 MP: 29/34
 24337 | Swamp:4  | Paralysed by a hornet for 2 turns
 24366 | Swamp:4  | Got a decaying rune of Zot
 24649 | Spider:1 | Entered Level 1 of the Spider Nest
 24700 | Spider:1 | You fall into a shaft and drop 1 floor!
 24899 | Spider:1 | Reached skill level 15 in Ranged Weapons
 25048 | Spider:1 | Identified the +1 ring mail of Suff {+Inv rElec Stlth+}
 25328 | Spider:1 | Noticed Aizul
 25338 | Spider:1 | Killed Aizul
 27566 | Spider:3 | Reached XP level 19. HP: 135/135 MP: 36/36
 27987 | Spider:4 | Entered Level 4 of the Spider Nest
 28556 | Spider:4 | Got a gossamer rune of Zot
 29152 | Vaults:1 | Entered Level 1 of the Vaults
 29347 | Elf:1    | Entered Level 1 of the Elven Halls
 29355 | Elf:1    | Acquired 1154 gold pieces
 29395 | Elf:1    | Learned a level 2 spell: Wereblood
 29453 | Elf:1    | Paralysed by an air elemental for 1 turns
 29798 | Elf:1    | Noticed Nikola
 29807 | Elf:1    | Killed Nikola
 30206 | Elf:1    | Reached skill level 15 in Invocations
 30257 | Elf:1    | Reached skill level 16 in Ranged Weapons
 30442 | Elf:2    | Noticed Saint Roka
 30455 | Elf:2    | Killed Saint Roka
 30566 | Elf:2    | Reached XP level 20. HP: 124/144 MP: 32/37
 30778 | Elf:2    | Found a radiant altar of Vehumet.
 30955 | Elf:2    | Found a huge runed translucent gate.
 30955 | Elf:2    | Found a huge runed translucent gate.
 30955 | Elf:2    | Found a huge runed translucent gate.
 30961 | Elf:2    | Found a huge runed translucent gate.
 30961 | Elf:2    | Found a huge runed translucent gate.
 31791 | Elf:3    | Entered Level 3 of the Elven Halls
 32226 | Elf:3    | Reached skill level 15 in Fighting
 32226 | Elf:3    | Reached skill level 15 in Dodging
 32281 | Elf:3    | HP: 2/142 [deep elf master archer/arrow (11)]
 32282 | Elf:3    | Shot with an arrow by a deep elf master archer

Illustrated notes

Levels and vault maps discovered:
D:1:      saegor_arrival_simple_e, layout_basic, lexackson_kobold_supper
D:2:      layout_rooms, basic_altar
D:3:      layout_loops_ring, nicolae_uskayaw_murder_on_the_dancefloor,
          nicolae_underground_beach
D:4:      minmay_inner_zag, layout_basic, minmay_temple_entry_statues,
          chequers_arboretum, uniq_robin, uniq_pikel
D:5:      layout_loops_corners, uniq_sigmund, uniq_grinder, uniq_menkaure
D:6:      layout_cave_pools
D:7:      layout_cave_pools
D:8:      layout_gridville, abandoned_shop, chequers_mini_garden, uniq_maggie
D:9:      layout_loops_ring, erik_lair_dragon, nzn_life_drinkers
D:10:     layout_roguey [special_room_orc], orc_0_dummy,
          nicolae_trove_entry_free_sample
D:11:     layout_roguey, st_stairs_9
D:12:     layout_roguey, uniq_snorg
D:13:     layout_basic, david_vaults_3
D:14:     layout_irregular_city, elyvilon_altar_5, hangedman_stone_soup,
          uniq_roxanne
D:15:     gammafunk_depths_entry_grave, layout_rooms,
          portal_ice_cave_entry_pillars_three
Temple:   mainiacjoe_temple_starburst
Lair:1:   minmay_lair_venomous_thicket, layout_cave_pods,
          hangedman_lair_unloving_vines
Lair:2:   layout_cellular_growth, swamp_mist, spider_nest_entry_web_field,
          special_room [special_room_bee], pond
Lair:3:   layout_loops_ring, serial_rivers, chequers_serial_rivers_room_a,
          chequers_serial_rivers_micro_b, chequers_serial_rivers_marsh,
          chequers_serial_rivers_room_b, hangedman_lair_generics_rect
Lair:4:   layout_hall_layers, minmay_slime_entry_pillars
Lair:5:   hangedman_lair_caniforms_friends, layout_long_grid, wormcave
Swamp:1:  cheibrodos_swamp_monstrosity, layout_falls_marsh,
          hangedman_swamp_ruin_wall, swamp_pool2, hangedman_swamp_wriggling,
          infiniplex_staircase_pool_2
Swamp:2:  layout_basic_swamp, evilmike_swamp_ruin_house_4, swamp_pool5,
          uniq_louise
Swamp:3:  layout_basic_swamp, gammafunk_ghost_cemetery,
          nicolae_swamp_round_clearing, swamp_pool3
Swamp:4:  swamp_basic_johnstein, layout_basic_swamp, uniq_kirke
Spider:1: layout_spider_delve, uniq_aizul
Spider:2: layout_chambers
Spider:3: layout_cave_pods, nicolae_spider_cling_halls
Spider:4: hellmonk_spider_rune_bug_friends, nicolae_spider_not_touching_you
Orc:1:    layout_caves, basic_altar, ebering_ghost_disaster_area, serial_shops,
          nicolae_shop_advertising_works [nicolae_subvault_shop_adworks],
          okawaru_metal_pillars_1_2
Orc:2:    grunt_orc_cross, layout_caves
Elf:1:    minmay_elf_arrival_summoners, layout_loops_corners,
          minmay_elf_necromancy, minivault_25, due_unseen_surprise, uniq_nikola
Elf:2:    elven_hall_of_blades_hangedman_alternative [mumra_blade_entry_dagger],
          layout_onion_city, basic_altar, uniq_saint_roka
Elf:3:    elf_hall, layout_onion_city
Vaults:1: nicolae_vaults_triangles, v_pattern_1, v_misc_30,
          hangedman_vaults_variations, ontoclasm_vaults_fault, st_greater_box_2,
          v_misc_25, vaults_room_grid, hangedman_vaults_nails,
          vaults_room_stairs_pillars, v_misc_17, grunt_vaults_hallway_short,
          layout_vaults_omnigrid

Skill      XL: |  1  2  3  4  5  6  7  8  9 10 11 12 13 14 15 16 17 18 19 20 |
---------------+-------------------------------------------------------------+-----
Invocations    | 1 2 3 4 5 6 7 8 10 11 12 13 14 15 | 15.6
Short Blades   | 1 2 3 5 6 7 8 9 10 11 12 13 14 | 14.4
Long Blades    | 1 2 3 5 6 7 8 9 10 11 12 13 14 | 14.4
Axes           | 1 2 3 5 6 7 8 9 10 11 12 13 14 | 14.4
Maces & Flails | 1 2 3 5 6 7 8 9 10 11 12 13 14 | 14.4
Polearms       | 1 2 3 5 6 7 8 9 10 11 12 13 14 | 14.4
Staves         | 1 2 3 5 6 7 8 9 10 11 12 13 14 | 14.4
Throwing       | 1 2 3 5 6 7 8 9 10 11 12 13 14 | 14.4
Armour         | 1 2 3 5 6 7 8 9 10 11 12 13 14 | 14.4
Shields        | 1 2 3 5 6 7 8 9 10 11 12 13 14 | 14.4
Unarmed Combat | 1 2 3 5 6 7 8 9 10 11 12 13 14 | 14.4
Spellcasting   | 1 2 3 5 6 7 8 9 10 11 12 13 14 | 14.4
Evocations     | 1 2 3 5 6 7 8 9 10 11 12 13 14 | 14.4
Conjurations   | 1 2 3 4 5 6 7 8 9 10 11 12 | 12.2
Hexes          | 1 2 3 4 5 6 7 8 9 10 11 12 | 12.2
Summonings     | 1 2 3 4 5 6 7 8 9 10 11 12 | 12.2
Necromancy     | 1 2 3 4 5 6 7 8 9 10 11 12 | 12.2
Translocations | 1 2 3 4 5 6 7 8 9 10 11 12 | 12.2
Transmutations | 1 2 3 4 5 6 7 8 9 10 11 12 | 12.2
Fire Magic     | 1 2 3 4 5 6 7 8 9 10 11 12 | 12.2
Ice Magic      | 1 2 3 4 5 6 7 8 9 10 11 12 | 12.2
Air Magic      | 1 2 3 4 5 6 7 8 9 10 11 12 | 12.2
Earth Magic    | 1 2 3 4 5 6 7 8 9 10 11 12 | 12.2
Poison Magic   | 1 2 3 4 5 6 7 8 9 10 11 12 | 12.2
Fighting       | 5 6 7 8 9 10 11 12 13 14 15 | 15.0
Dodging        | 5 6 7 8 9 10 11 12 13 14 15 | 15.0
Stealth        | 3 4 5 6 7 8 9 10 11 12 13 14 | 14.6
Ranged Weapons | 9 10 11 12 13 14 15 16 | 16.4

Action                   |  1- 3 |  4- 6 |  7- 9 | 10-12 | 13-15 | 16-18 | 19-21 || total
-------------------------+-------+-------+-------+-------+-------+-------+-------++-------
Melee: Short sword       |       |    18 |    30 |   139 |    18 |       |       ||   205
       Bite              |       |     1 |     4 |    19 |     9 |    15 |     4 ||    52
       Punch             |       |       |     1 |    10 |     7 |     2 |       ||    20
       Shortbow          |       |       |     1 |       |       |       |       ||     1
       Scimitar          |       |       |       |     4 |    51 |    17 |       ||    72
       Great sword       |       |       |       |       |       |    66 |    64 ||   130
       Headbutt          |       |       |       |       |       |    25 |    25 ||    50
 Fire: Shortbow          |    93 |    58 |   194 |   564 |       |       |       ||   909
       Arbalest          |       |       |       |    38 |   728 |  1003 |   591 ||  2360
 Cast: Ignite Poison     |       |       |       |       |     1 |       |       ||     1
       Cause Fear        |       |       |       |       |       |     6 |       ||     6
       Alistair's Intoxi |       |       |       |       |       |     1 |       ||     1
Invok: Ancestor Life: Kn |       |       |     1 |       |       |       |       ||     1
       Recall Ancestor   |       |       |       |     1 |       |     3 |     1 ||     5
       Ancestor Identity |       |       |       |     1 |       |       |       ||     1
       Idealise          |       |       |       |     2 |     1 |     4 |     5 ||    12
       Transference      |       |       |       |       |     3 |     2 |     3 ||     8
Evoke: Wand              |       |       |     2 |     8 |     5 |       |     3 ||    18
       Lightning rod     |       |       |       |     1 |     9 |       |       ||    10
  Use: Scroll            |     3 |     2 |     5 |    11 |    10 |     7 |     6 ||    44
       Potion            |       |       |       |     5 |     1 |     3 |     8 ||    17
 Stab: Distracted        |       |       |       |     1 |       |     2 |       ||     3
       Invisible         |       |       |       |     1 |       |       |     3 ||     4
Armor: Leather armour    |     7 |     2 |     3 |       |       |       |       ||    12
       Animal skin       |       |       |     5 |     2 |       |       |       ||     7
       Acid dragon scale |       |       |       |    53 |   123 |   167 |    98 ||   441
Dodge: Dodged            |    19 |    18 |    57 |   311 |   558 |   538 |   323 ||  1824
